 Dungeon Sprint DCSS version 0.22-a0-109-gbeb7240 (webtiles) character file.

17109 theanonym the Slayer (level 12, 0/165 HPs)
             Began as an Ogre Fighter on Jan 26, 2018.
             Was the Champion of Makhleb.
             Succumbed to a reaper's poison
             ... in the Dungeon (Sprint V: "Ziggurat Sprint").
             The game lasted 00:04:15 (937 turns).

theanonym the Slayer (Ogre Fighter)                  Turns: 937, Time: 00:04:17

Health: 0/165      AC: 23    Str: 39    XL:     12   Next: 44%
Magic:  12/12      EV:  1    Int:  9    God:    Makhleb [******]
Gold:   0          SH: 31    Dex:  8    Spells: 11/11 levels left

rFire    + . .     SeeInvis +   G - +14 obsidian axe {chop, +Fly SInv *Curse} (curse)
rCold    + . .     Gourm    .   H - +18 shield of the Gong {rElec rN+ MR+ EV-5}
rNeg     + . .     Faith    .   t - +5 gold dragon scales {23 rF+ rC+ rPois}
rPois    +         Spirit   .   (helmet restricted)
rElec    +         Reflect  .   (no cloak)
rCorr    .         Harm     .   (gloves unavailable)
MR       ++...     NoTele   +   (boots unavailable)
Stlth    ..........             (no amulet)
HPRegen  0.37/turn              F - +6 ring of strength
MPRegen  0.13/turn              E - +6 ring of strength

@: lethally poisoned (0 -> -47), mesmerised, studying Fighting
A: large, unfitting armour, tough skin 1
a: Minor Destruction, Lesser Servant of Makhleb, Major Destruction, Greater
Servant of Makhleb, Renounce Religion, Evoke Flight


Innate Abilities, Weirdness & Mutations

You are too large for most types of armour.
You have tough skin. (AC +1)


   Skills:
 * Level 22.4 Fighting
 - Level 18.0 Axes
 + Level 10.7 Armour
 - Level 2.6 Dodging
 + Level 12.0 Shields


You had 11 spell levels left.
You didn't know any spells.

Skill      XL: |  1  2  3  4  5  6  7  8  9 10 11 12 |
---------------+-------------------------------------+-----
Axes           | 7 9 10 11 12 14 15 17 18 | 18.0
Fighting       | 8 10 12 14 15 17 20 22 | 22.4
Armour         | 3 4 5 6 7 8 10 | 10.7
Shields        | 4 5 6 7 8 9 11 12 | 12.0
Dodging        | |  2.6

Action                   |  1- 3 |  4- 6 |  7- 9 | 10-12 || total
-------------------------+-------+-------+-------+-------++-------
Melee: Broad axe         |     6 |     6 |    34 |    75 ||   121
  Use: Potion            |     1 |       |       |     1 ||     2
 Stab: Distracted        |       |       |       |     2 ||     2
       Invisible         |       |       |       |     4 ||     4
Armor: Gold dragon scale |     3 |     2 |    11 |    36 ||    52
Dodge: Dodged            |       |       |       |     1 ||     1
Block: Shield            |    11 |     5 |    37 |   111 ||   164

Inventory:

Hand Weapons
 a - a +0 war axe
 G - the cursed +14 obsidian axe (weapon) {chop, +Fly SInv *Curse}
   (You found it in the Dungeon)

   It inflicts extra damage upon your enemies.
   It lets you see invisible.
   It lets you fly.
   It curses itself when equipped.
   It has a curse placed upon it.
Armour
 c - a +0 shield
 k - a +0 robe {0}
 t - +5 gold dragon scales (worn) {23 rF+ rC+ rPois}
   (You found it in the Dungeon)
 H - the +18 shield of the Gong (worn) {rElec rN+ MR+ EV-5}
   (You found it in the Dungeon)

   It affects your evasion (-5).
   It insulates you from electricity.
   It protects you from negative energy.
   It affects your resistance to hostile enchantments.
Jewellery
 A - a +6 ring of dexterity
   (You found it in the Dungeon)
 B - a +6 ring of dexterity
   (You found it in the Dungeon)
 C - a +6 ring of intelligence
   (You found it in the Dungeon)
 D - a +6 ring of intelligence
   (You found it in the Dungeon)
 E - a +6 ring of strength (right hand)
   (You found it in the Dungeon)
 F - a +6 ring of strength (left hand)
   (You found it in the Dungeon)
Wands
 v - a wand of acid (7)
   (You found it in the Dungeon)
 x - a wand of disintegration (7)
   (You found it in the Dungeon)
 y - a wand of iceblast (7)
   (You found it in the Dungeon)
Scrolls
 b - 4 scrolls of blinking
 f - 7 scrolls of fog
 p - 4 scrolls of amnesia
 r - 5 scrolls of identify
 s - a scroll of holy word
 u - 5 scrolls of remove curse
 z - 2 scrolls of fear
Potions
 d - 6 potions of might
 g - 2 potions of brilliance
 h - 14 potions of haste
 i - 7 potions of magic
 j - 3 potions of berserk rage
 l - a potion of invisibility
 m - 4 potions of resistance {rF+ rC+}
 o - 5 potions of agility
 q - 13 potions of heal wounds
 w - 10 potions of curing
Books
 I - a manual of Fighting
   (You found it in the Dungeon)
Miscellaneous
 n - a fan of gales
   (You found it in the Dungeon)
 J - a phantom mirror
Comestibles
 e - 7 rations You were in the Dungeon. You worshipped Makhleb. Makhleb was exalted by your worship. You were not hungry. You visited 1 branch

Dungeon Overview and Level Annotations

Branches:
Dungeon (1/1)

Altars:
Ashenzari
Cheibriados
Dithmenos
Elyvilon
Fedhas
Gozag
Hepliaklqana
Kikubaaqudgha
Makhleb
Nemelex Xobeh
Okawaru
Qazlal
Ru
Sif Muna
Trog
Uskayaw
Vehumet
Wu Jian
Xom
Yredelemnul
Zin
The Shining One
Beogh
Jiyva
Lugonu

Annotations:
D 1 transporter

▓...)....▓
▓▓▓▓▓▓▓▓▓▓▓▓▓........▓
▓....8©8....▓........▓
▓..)=|:))}..▓.▓....▓.▓
▓...!)):)}..▓...©....▓
▓...........▓▓▓▓▓▓▓▓▓▓
▓...........▓...8©8...
▓...........▓...)["...
▓...2@......▓...).)...
▓..▓4.)..▓..▓.........
▓ ▓.▓)..▓.▓ ▓.........
▓..▓.....▓..▓...[))...
▓.....©.....▓.........
▓▓▓▓▓▓▓▓▓▓▓▓▓.........
▓....8©8....▓....©....
▓..:[))[|)..▓▓▓▓▓▓▓▓▓▓
▓...})|)=...▓...8©8...


You could see a reaper and a friendly chaos spawn.

Notes
Turn   | Place    | Note
-------+----------+-------------------------------------------
     0 | D        | Found the +6 Majin-Bo {vamp, Archmagi MP+6 Int+6}
     0 | D        | Found the +7 great mace "Firestarter" {inner flame, rF++}
     0 | D        | theanonym the Ogre Fighter began the quest for the Orb.
     0 | D        | Reached XP level 1. HP: 24/24 MP: 1/1
    13 | D        | Found a blossoming altar of Fedhas.
    15 | D        | Found a deep blue altar of Sif Muna.
    15 | D        | Found a sacrificial altar of Ru.
    15 | D        | Found a bloodstained altar of Trog.
    15 | D        | Found a stormy altar of Qazlal.
    15 | D        | Found an iron altar of Okawaru.
    15 | D        | Found a sparkling altar of Nemelex Xobeh.
    17 | D        | Found a transporter.
    17 | D        | Found an ancient bone altar of Kikubaaqudgha.
    17 | D        | Found a viscous altar of Jiyva.
    17 | D        | Found a corrupted altar of Lugonu.
    17 | D        | Found a hazy altar of Hepliaklqana.
    17 | D        | Found a burning altar of Makhleb.
    17 | D        | Found an opulent altar of Gozag.
    32 | D        | Found the +9 heavy crossbow "Sniper" {velocity, Acc+∞ SInv}
    32 | D        | Found the +10 dark maul {crush}
    32 | D        | Found the +15 Maxwell's patent armour {-Cast -Tele rElec MR+ rCorr}
    32 | D        | Found the +18 shield of the Gong {rElec rN+ MR+ EV-5}
    32 | D        | Found the cursed +14 obsidian axe {chop, +Fly SInv *Curse}
    49 | D        | Became a worshipper of Makhleb the Destroyer
    56 | D        | Reached skill level 7 in Axes
    56 | D        | Reached XP level 2. HP: 32/32 MP: 2/2
    57 | D        | Entered arena 2.
    57 | D        | Noticed a merfolk
    57 | D        | Noticed a merfolk
    57 | D        | Found a transporter.
    65 | D        | Killed a merfolk
    65 | D        | Reached skill level 8 in Fighting
    65 | D        | Reached skill level 9 in Axes
    65 | D        | Reached skill level 3 in Armour
    65 | D        | Reached skill level 4 in Shields
    65 | D        | Reached XP level 3. HP: 26/49 MP: 3/3
    65 | D        | Reached XP level 4. HP: 31/58 MP: 4/4
    65 | D        | Reached XP level 5. HP: 36/66 MP: 5/5
    67 | D        | HP: 33/66 [merfolk/trident (3)]
    69 | D        | Killed a merfolk
    69 | D        | Reached skill level 10 in Fighting
    69 | D        | Reached skill level 10 in Axes
    69 | D        | Reached skill level 5 in Shields
    69 | D        | Reached XP level 6. HP: 27/78 MP: 6/6
   289 | D        | Entered arena 3.
   289 | D        | Noticed a water moccasin
   289 | D        | Noticed a water moccasin
   289 | D        | Found a transporter.
   292 | D        | Killed a water moccasin
   292 | D        | Reached * piety under Makhleb
   292 | D        | Reached skill level 4 in Armour
   292 | D        | Reached XP level 7. HP: 87/87 MP: 7/7
   293 | D        | Reached skill level 11 in Fighting
   293 | D        | Reached skill level 11 in Axes
   293 | D        | Reached skill level 6 in Shields
   299 | D        | Entered arena 4.
   299 | D        | Found a transporter.
   300 | D        | Reached ** piety under Makhleb
   302 | D        | Reached skill level 5 in Armour
   302 | D        | Noticed a golden eye
   302 | D        | a black bear changed into a golden eye
   303 | D        | Killed a golden eye
   303 | D        | Reached skill level 12 in Fighting
   303 | D        | Reached XP level 8. HP: 98/98 MP: 8/8
   310 | D        | Entered arena 5.
   310 | D        | Found a transporter.
   313 | D        | Reached *** piety under Makhleb
   320 | D        | Entered arena 6.
   320 | D        | Found a transporter.
   323 | D        | Reached **** piety under Makhleb
   324 | D        | Reached ***** piety under Makhleb
   329 | D        | Entered arena 7.
   329 | D        | Noticed a guardian mummy
   329 | D        | Noticed a death scarab
   329 | D        | Noticed a guardian mummy
   329 | D        | Noticed a guardian mummy
   330 | D        | Found a transporter.
   333 | D        | Killed a death scarab
   333 | D        | Reached skill level 13 in Fighting
   333 | D        | Reached skill level 12 in Axes
   333 | D        | Reached skill level 7 in Shields
   335 | D        | Killed a guardian mummy
   335 | D        | Reached skill level 6 in Armour
   336 | D        | Killed a guardian mummy
   336 | D        | Reached skill level 14 in Fighting
   336 | D        | Reached XP level 9. HP: 113/113 MP: 9/9
   338 | D        | Killed a guardian mummy
   338 | D        | Reached skill level 13 in Axes
   371 | D        | Entered arena 8.
   371 | D        | Noticed a mummy priest
   372 | D        | Found a transporter.
   376 | D        | Reached ****** piety under Makhleb
   376 | D        | Reached skill level 8 in Shields
   378 | D        | Killed a mummy priest
   378 | D        | Reached skill level 15 in Fighting
   378 | D        | Reached skill level 7 in Armour
   535 | D        | Entered arena 9.
   536 | D        | Found a transporter.
   553 | D        | Entered arena 10.
   553 | D        | Noticed a wolf spider
   553 | D        | Noticed a wolf spider
   554 | D        | Found a transporter.
   559 | D        | Reached skill level 14 in Axes
   559 | D        | Reached XP level 10. HP: 113/127 MP: 10/10
   559 | D        | Reached skill level 16 in Fighting
   560 | D        | Killed a wolf spider
   560 | D        | Reached skill level 9 in Shields
   560 | D        | Killed a wolf spider
   569 | D        | Entered arena 11.
   569 | D        | Noticed a halberd of chopping
   569 | D        | Noticed a glaive of chopping
   569 | D        | Noticed a broad axe of draining
   569 | D        | Noticed a deep elf mage
   569 | D        | Noticed a deep elf mage
   569 | D        | Noticed a deep elf mage
   569 | D        | Noticed a deep elf mage
   570 | D        | Found a transporter.
   576 | D        | Killed a deep elf mage
   576 | D        | Reached skill level 17 in Fighting
   576 | D        | Reached skill level 8 in Armour
   577 | D        | Killed a broad axe of draining
   577 | D        | Reached skill level 15 in Axes
   578 | D        | Killed a halberd of chopping
   580 | D        | Killed a deep elf mage
   580 | D        | Reached XP level 11. HP: 123/140 MP: 11/11
   582 | D        | Killed a deep elf mage
   582 | D        | Reached skill level 18 in Fighting
   582 | D        | Reached skill level 10 in Shields
   582 | D        | HP: 56/141 [glaive of chopping (27)]
   586 | D        | Killed a glaive of chopping
   589 | D        | Killed a deep elf mage
   589 | D        | Reached skill level 16 in Axes
   589 | D        | Reached skill level 9 in Armour
   839 | D        | Entered arena 12.
   839 | D        | Noticed a merfolk impaler
   839 | D        | Noticed a sea snake
   839 | D        | Noticed a manticore
   839 | D        | Noticed a merfolk impaler
   840 | D        | Noticed a manticore
   840 | D        | Noticed a merfolk impaler
   840 | D        | Noticed a merfolk impaler
   840 | D        | Noticed a merfolk aquamancer
   842 | D        | Found a transporter.
   844 | D        | Killed a merfolk aquamancer
   848 | D        | Killed a merfolk impaler
   848 | D        | Reached skill level 19 in Fighting
   851 | D        | Killed a merfolk impaler
   851 | D        | Killed a manticore
   853 | D        | Killed a merfolk impaler
   853 | D        | Reached skill level 11 in Shields
   855 | D        | Killed a sea snake
   858 | D        | Reached skill level 17 in Axes
   859 | D        | Killed a merfolk impaler
   859 | D        | Reached skill level 20 in Fighting
   862 | D        | Killed a manticore
   870 | D        | Entered arena 13.
   870 | D        | Noticed a hell knight
   872 | D        | Found a transporter.
   875 | D        | Reached skill level 10 in Armour
   876 | D        | Reached XP level 12. HP: 157/157 MP: 12/12
   880 | D        | Killed a hell knight
   893 | D        | Entered arena 14.
   895 | D        | Noticed a death yak
   896 | D        | Found the +5 pair of quick blades "Gyre" and "Gimble" {pierce, Dex-3}
   896 | D        | Found the +3 warlock's mirror {reflect}
   896 | D        | Found a transporter.
   900 | D        | Reached skill level 21 in Fighting
   902 | D        | Noticed a sun demon
   908 | D        | Killed a death yak
   917 | D        | Entered arena 15.
   918 | D        | Noticed a hell knight
   919 | D        | Noticed a reaper
   924 | D        | Reached skill level 22 in Fighting
   927 | D        | HP: 75/162 [reaper/scythe of venom (35)]
   928 | D        | Found a transporter.
   931 | D        | Killed a hell knight
   931 | D        | Reached skill level 18 in Axes
   931 | D        | Reached skill level 12 in Shields
   932 | D        | HP: 58/165 [poisoned by a reaper]
   935 | D        | HP: 5/165 [reaper/scythe of venom (31)]
   937 | D        | Succumbed to a reaper's poison

Vanquished Creatures
  4 merfolk impalers (D)
  A mummy priest (D)
  A death scarab (D)
  A merfolk aquamancer (D)
  3 dancing weapons (D)
  A death yak (D)
  2 hell knights (D)
  A sea snake (D)
  4 deep elf magi (D)
  2 manticores (D)
  2 wolf spiders (D)
  A merfolk siren (D)
  A komodo dragon (D)
  A spiny frog (D)
  A hellion (D)
  A tormentor (D)
  A guardian mummy (D)
  A merfolk (D)
  A red devil (D)
  2 flying skulls (D)
  A shadow (D)
  2 tarantellas (D)
  A wraith (D)
  2 redbacks (D)
  A fire elemental (D)
  2 yaks (D)
  A hell hound (D)
  3 water moccasins (D)
  An orc warrior (D)
  A phantom (D)
  3 crocodiles (D)
  A centaur (shapeshifter) (D)
  A big kobold (shapeshifter) (D)
  A bullfrog (D)
  An earth elemental (D)
  2 scorpions (D)
  2 wights (D)
  A crimson imp (D)
  3 orc priests (D)
  4 orc wizards (D)
  6 mummies (D)
  An adder (D)
  2 adder skeletons (D)
  An adder zombie (D)
  A worm (shapeshifter) (D)
  2 orcs (D)
  2 bat skeletons (D)
  A bat zombie (D)
  A leopard gecko skeleton (D)
  2 quokka zombies (D)
85 creatures vanquished.

Vanquished Creatures (collateral kills)
  2 guardian mummies (D)
  2 merfolk (D)
  A blink frog (D)
  A flying skull (D)
  A wraith (D)
  A golden eye (shapeshifter) (D)
  A water moccasin (D)
  An orc wizard (D)
  2 mummies (D)
  An adder skeleton (D)
  An orc (D)
14 creatures vanquished.

Grand Total: 99 creatures vanquished

Table legend:
 A = Turns spent in this place as a percentage of turns spent in the entire game.
 B = Non-inter-level travel turns spent in this place as a percentage of non-inter-level travel turns spent in the entire game.
 C = Inter-level travel turns spent in this place as a percentage of turns spent in this place.
 D = Turns resting spent in this place as a percentage of non-inter-level travel turns spent in this place.
 E = Turns spent auto-exploring this place as a percentage of non-inter-level travel turns spent in this place.
 F = Non-inter-level travel turns spent in this place divided by the number of levels of this place that you've seen.
                   A       B       C       D       E      F
               +-------+-------+-------+-------+-------+----------------------
         Total | 100.0 | 100.0 |   0.0 |  66.8 |   0.0 | 937.0
       Dungeon | 100.0 | 100.0 |   0.0 |  66.8 |   0.0 | 937.0
               +-------+-------+-------+-------+-------+----------------------
